 Dungeon Crawl Stone Soup version 0.30.1-11-g7821555f0a (webtiles) character file.

Game seed: 10583152382651406310

27166 DearestLeader the Destroyer (level 13, -5/107 HPs)
             Began as a Yellow Draconian Conjurer on Oct 23, 2023.
             Was a Believer of Vehumet.
             Slain by a six-headed hydra (12 damage)
             ... on level 4 of the Lair of Beasts on Jan 4, 2024.
             The game lasted 01:02:49 (15250 turns).

DearestLeader the Destroyer (DrCj)                 Turns: 15250, Time: 01:02:49

Health: -5/107     AC: 16    Str: 10    XL:     13   Next: 2%
Magic:  2/27       EV: 33    Int: 24    God:    Vehumet [**....]
Gold:   986        SH:  6    Dex:  9    Spells: 12/32 levels left

rFire   . . .        d - +1 dagger (venom)
rCold   . . .        t - +2 buckler
rNeg    . . .        (body armour unavailable)
rPois   .            e - +1 hat
rElec   .            U - +1 cloak
rCorr   +            I - +2 pair of gloves
SInv    .            i - +1 pair of boots
Will    .....        k - amulet of the acrobat
Stlth   ++           s - +5 ring of evasion
HPRegen 0.37/turn    r - ring of wizardry
MPRegen 0.20/turn

%: acrobat, wizardry (x1)
@: lethally poisoned (-5 -> -12), acrobatic, slowed, very slow
A: spit acid, AC +8, unfitting armour, cold-blooded, acid resistance
a: Breathe Acid, Renounce Religion


You were on level 4 of the Lair of Beasts.
You worshipped Vehumet.
Vehumet was pleased with you.
You visited 3 branches of the dungeon, and saw 15 of its levels.
You also visited: Bailey.

You collected 986 gold pieces.

Inventory:

Hand Weapons
 d - a +1 dagger of venom (weapon)
 g - a +0 whip of flaming
Missiles
 Q - 2 throwing nets
Armour
 e - a +1 hat (worn)
 i - a +1 pair of boots (worn)
 t - a +2 buckler (worn)
 D - a +1 tower shield of protection
 I - a +2 pair of gloves (worn)
 U - a +1 cloak (worn)
Jewellery
 k - an amulet of the acrobat (around neck)
 r - a ring of wizardry (right hand)
 s - a +5 ring of evasion (left hand)
 G - an amulet of faith
 J - an amulet of guardian spirit
 L - a +6 ring of dexterity
Wands
 n - a wand of digging (16)
 w - a wand of charming (2)
 H - a wand of iceblast (9)
 P - a wand of mindburst (5)
 R - a wand of acid (3)
Scrolls
 b - 3 scrolls of enchant armour
 f - a scroll of summoning {unknown}
 h - a scroll of fog {unknown}
 l - a scroll of magic mapping
 o - a scroll of identify
 u - 3 scrolls of poison
 v - a scroll of torment
 x - a scroll of blinking {unknown}
 E - a scroll of enchant weapon {unknown}
 K - a scroll of brand weapon
 N - a scroll of noise {unknown}
Potions
 a - 2 potions of magic
 c - a potion of flight
 j - a potion of resistance {unknown}
 m - 2 potions of degeneration
 z - a potion of cancellation {unknown}
 A - a potion of mutation
 B - 2 potions of might
 C - 2 potions of haste
 F - a potion of curing
 M - a potion of heal wounds
 O - a potion of lignification {unknown}
 S - 2 potions of brilliance {unknown}
 T - a potion of berserk rage
Miscellaneous
 y - a box of beasts


   Skills:
 + Level 7.8 Fighting
 + Level 6.7 Dodging
 - Level 2.0 Stealth
 - Level 4.0 Shields
 - Level 10.0 Spellcasting
 * Level 13.0 Conjurations
 - Level 5.0 Hexes
 + Level 6.3 Ice Magic
 - Level 4.0 Air Magic
 - Level 5.0 Earth Magic
 - Level 1.0 Evocations


You had 12 spell levels left.
You knew the following spells:

 Your Spells              Type           Power      Damage    Failure   Level
a - Magic Dart            Conj           100%       1d8       1%          1
b - Searing Ray           Conj           100%       2d8       1%          2
c - Fulminant Prism       Conj/Hex       26%        3d13      1%          4
d - Freezing Cloud        Conj/Ice/Air   24%        6-21      3%          5
e - Lehudib's Crystal Sp  Conj/Erth      26%        10d7      99%         8

Your spell library contained the following spells:

 Spells                   Type           Power      Damage    Failure   Level
 Static Discharge         Conj/Air       100%       2-7/arc   1%          2
 Kiss of Death            Conj/Necr      100%       2d13      1%          1
 Sandblast                Erth           72%        2d16      1%          1
 Momentum Strike          Conj/Tloc      86%        3d10      1%          2
 Passwall                 Tmut/Erth      20%        N/A       1%          2
 Confusing Touch          Hex            36%        N/A       1%          3
 Dazzling Flash           Conj/Hex       100%       N/A       1%          3
 Stone Arrow              Conj/Erth      100%       3d13      1%          3
 Iskenderun's Mystic Bla  Conj/Tloc      43%        2d10      1%          4
 Sticky Flame             Conj/Fire      43%        2d6       1%          4
 Cigotuvi's Dreadful Rot  Necr/Pois/Air  36%        N/A       2%          2
 Blink                    Tloc           24%        N/A       4%          2
 Lesser Beckoning         Tloc           24%        N/A       4%          2
 Sublimation of Blood     Necr           12%        N/A       4%          2
 Cause Fear               Hex            18%        N/A       4%          4
 Irradiate                Conj/Tmut      21%        3d18      6%          5
 Ignite Poison            Fire/Tmut/Pois 12%        N/A       9%          3
 Anguish                  Hex/Necr       12%        N/A       11%         4
 Petrify                  Tmut/Erth      24%        N/A       11%         4
 Silence                  Hex/Air        16%        N/A       13%         5
 Animate Dead             Necr           12%        N/A       28%         4
 Dispel Undead            Necr           12%        3d9       28%         4
 Passage of Golubria      Tloc           12%        N/A       28%         4
 Borgnjor's Vile Clutch   Necr/Erth      12%        N/A       28%         5
 Alistair's Intoxication  Tmut/Pois      8%         N/A       58%         5
 Enfeeble                 Hex            18%        N/A       95%         7
 Death Channel            Necr           6%         N/A       98%         6
 Eringya's Noxious Bog    Tmut/Pois      6%         N/A       98%         6
 Ignition                 Fire           6%         3d4       100%        8


Dungeon Overview and Level Annotations

Branches:
Dungeon (10/15)            Temple (1/1) D:6            Lair (4/5) D:9
  Swamp (0/4) Lair:2        Snake (0/4) Lair:2       Bailey (visited)
  Slime: Lair:4-5       Orc: D:9-12

Altars:
Ashenzari
Cheibriados
Dithmenos
Elyvilon
Fedhas
Gozag
Hepliaklqana
Kikubaaqudgha
Makhleb
Nemelex Xobeh
Okawaru
Qazlal
Ru
Sif Muna
Trog
Uskayaw
Vehumet
Wu Jian
Xom
Yredelemnul
Zin
The Shining One
Jiyva

Shops:
D:2 (   D:7 *

Portals:
Volcano: Lair:4

Annotations:
Lair:2 3 runed translucent doors, Ancymon's ghost, novice HOFi


Innate Abilities, Weirdness & Mutations

You can spit globs of acid.
Your golden yellow scales are hard. (AC +8)
You cannot fit into any form of body armour.
You are cold-blooded and may be slowed by cold attacks.
You are resistant to acid. (rCorr)


Message History

You are engulfed in freezing vapours.
You feel yourself slow down.
* * * LOW HITPOINT WARNING * * *
The six-headed hydra is engulfed in freezing vapours.
The six-headed hydra seems to slow down.
Found a dark tunnel.
The blink frog is no longer moving slowly.
The blink frog blinks!
Okay, then.
You feel much better.
The six-headed hydra bites you but does no damage.
You block the six-headed hydra's attack.
The six-headed hydra bites you but does no damage.
The six-headed hydra completely misses you.
The six-headed hydra barely misses you. x2
The six-headed hydra attacks as you move away!
The six-headed hydra completely misses you.
You block the six-headed hydra's attack.
The six-headed hydra bites you!
* * * LOW HITPOINT WARNING * * *
The six-headed hydra bites you but does no damage.
The six-headed hydra barely misses you.
The six-headed hydra bites you but does no damage.
Really walk into that cloud of poison gas?
You are engulfed in poison gas.
You are poisoned.
* * * LOW HITPOINT WARNING * * *
You feel very sick.
The six-headed hydra attacks as you move away!
The six-headed hydra closely misses you.
The six-headed hydra misses you.
The six-headed hydra closely misses you.
You block the six-headed hydra's attack. x2
The six-headed hydra completely misses you.
You feel very sick.
The six-headed hydra attacks as you move away!
The six-headed hydra completely misses you.
The six-headed hydra bites you!
* * * LOW HITPOINT WARNING * * *
The six-headed hydra bites you!
You die...

,,,,,,,,,,,,,,,,,,,,,,,,,,,,,,,,,
,,,,,,,,,,,,,,,,***,,,,,,,,,,,,,,
....,,,,,,,,,,*** ***,,,,,,,,,,,,
....,,,,,,,,,,* *## *,,,,,,,,,,,,
.....,..,,,,,**##∩###*,,,,,,,,,,,
.......#,,,,*###....##,,,,,,,,,,,
....#..*,,,**#...!...#,,,,,,,,**,
#.#...#****,###.....##**,***,,,**
#.....# *###...@....#****,,,,,**
P....#####..#.°°D○°..#*,,,***,*,,
...#.##.....###.°.°..#*,,,,,****,
...##.....##* #.§....#,*,,,,,,***
..#......#.####.○°○§##,**,,,,,**,
..##....#.#...##.§☼##,,*****,,,,*
..#...P.#.....##°§##*,..*****,,,*
.##...P##....####§#*....,,,***,,,
.P...####...##..#.#...##,,,,**,,,


You could see a six-headed hydra (slow).

Vanquished Creatures
  Gastronok (Lair:1)
  A catoblepas (Lair:2)
  2 two-headed ogres
  2 death yaks
  3 skysharks (Lair:3)
  Pikel (D:4)
  A deep elf pyromancer (Bailey)
  An orc knight (Bailey)
  4 elephants (Lair:3)
  2 torpor snails (Lair:3)
  2 black mambas
  6 cane toads
  5 komodo dragons
  A polar bear (Lair:2)
  4 blink frogs (Lair:4)
  Grinder (D:4)
  3 dream sheep (Lair:3)
  2 wraiths
  6 wyverns
  7 basilisks
  3 fire bats (Lair:4)
  20 yaks
  Eustachio (D:5)
  A steam dragon (D:6)
  Edmund (D:4)
  3 nagas (Lair:2)
  9 water moccasins
  6 orc warriors
  An ice beast (D:6)
  2 ogres (D:6)
  2 sky beasts
  13 wolves (Lair:2)
  2 centaurs (D:7)
  4 lemures (D:4)
  2 phantoms
  10 bullfrogs
  5 gnoll sergeants
  6 scorpions
  8 wights
  4 killer bees (D:8)
  7 electric eels
  4 howler monkeys (D:8)
  5 lava snakes (Lair:1)
  8 hounds
  2 sleepcaps
  Crazy Yiuf (D:4)
  2 gnoll boudas
  A jelly (D:4)
  3 orc priests
  Terence (D:2)
  Jessica (D:3)
  3 iguanas
  3 orc wizards
  Robin (D:4)
  21 gnolls
  11 adders
  3 shadow imps
  3 white imps
  An ufetubus (D:7)
  2 worms
  5 dart slugs
  31 orcs
  9 ball pythons
  3 bats
  4 endoplasms
  5 giant cockroaches
  14 goblins
  10 hobgoblins
  2 jackals (D:2)
  4 quokkas
  5 frilled lizards
  8 kobolds
  8 rats
349 creatures vanquished.

Vanquished Creatures (others)
  32 fulminant prisms
32 creatures vanquished.

Grand Total: 381 creatures vanquished

Notes
Turn   | Place    | Note
-------+----------+-------------------------------------------
     0 | D:1      | DearestLeader the Draconian Conjurer began the quest for
                  | the Orb.
     0 | D:1      | Reached XP level 1. HP: 14/14 MP: 3/3
   192 | D:1      | Reached XP level 2. HP: 20/20 MP: 3/5
   356 | D:1      | Found Gyefoug's General Store.
   827 | D:2      | Reached XP level 3. HP: 26/26 MP: 4/6
   869 | D:2      | Learned a level 2 spell: Searing Ray
  1016 | D:2      | Noticed Terence
  1027 | D:2      | Killed Terence
  1028 | D:2      | Reached skill level 1 in Fighting
  1111 | D:2      | Found a faded altar of an unknown god.
  1116 | D:2      | Found Qiplaov's Weapon Shop.
  1132 | D:2      | Reached skill level 5 in Conjurations
  1132 | D:2      | Reached XP level 4. HP: 33/35 MP: 3/7
  1790 | D:3      | Noticed Jessica
  1801 | D:3      | Killed Jessica
  1874 | D:3      | Reached XP level 5. HP: 37/41 MP: 9/9
  2007 | D:3      | You fall into a shaft and drop 1 floor!
  2034 | D:4      | Noticed Grinder
  2034 | D:4      | Paralysed by Grinder for 3 turns
  2052 | D:4      | Killed Grinder
  2053 | D:4      | Reached skill level 6 in Conjurations
  2053 | D:4      | Reached XP level 6. HP: 26/51 MP: 0/10
  2186 | D:4      | Found a sacrificial altar of Ru.
  2228 | D:4      | Noticed Edmund
  2235 | D:4      | Reached skill level 7 in Conjurations
  2259 | D:4      | Killed Edmund
  2260 | D:4      | Your scales start taking on a golden yellow colour.
  2260 | D:4      | Reached XP level 7. HP: 45/57 MP: 8/11
  2260 | D:4      | Gained mutation: You are resistant to acid. (rCorr) [Yellow
                  | Draconian growth]
  2393 | D:4      | Noticed Pikel
  2462 | D:4      | Killed Pikel
  2463 | D:4      | Reached skill level 9 in Conjurations
  2463 | D:4      | Reached XP level 8. HP: 42/63 MP: 4/12
  2663 | D:4      | Noticed Robin
  2676 | D:4      | Killed Robin
  2774 | D:4      | Identified the +4 robe "Uhunuamm" {rN++}
  2839 | D:4      | Found a runed translucent door.
  2840 | D:4      | Noticed Crazy Yiuf
  2853 | D:4      | Killed Crazy Yiuf
  2969 | D:5      | Entered Level 5 of the Dungeon
  3095 | D:5      | Learned a level 4 spell: Fulminant Prism
  3101 | D:5      | Learned a level 5 spell: Freezing Cloud
  3312 | D:5      | Reached skill level 1 in Shields
  3312 | D:5      | Reached skill level 1 in Ice Magic
  3384 | D:5      | Noticed Eustachio
  3433 | D:5      | Killed Eustachio
  3434 | D:5      | Reached skill level 10 in Conjurations
  4533 | D:6      | Found a staircase to the Ecumenical Temple.
  4549 | Temple   | Entered the Ecumenical Temple
  4549 | Temple   | Found a transporter.
  4549 | Temple   | Found a transporter.
  4551 | Temple   | Found a transporter.
  4551 | Temple   | Found a transporter.
  4837 | D:6      | Reached XP level 9. HP: 71/71 MP: 6/14
  5152 | D:6      | Reached skill level 1 in Hexes
  5878 | D:7      | Reached skill level 5 in Fighting
  5882 | D:7      | Found Tisig's General Store.
  5918 | D:7      | Found a flagged portal.
  5925 | Bailey   | Entered a bailey
  6194 | Bailey   | Noticed an orc knight
  6230 | Bailey   | Killed an orc knight
  6231 | Bailey   | Reached skill level 11 in Conjurations
  6231 | Bailey   | Reached skill level 5 in Ice Magic
  6290 | Bailey   | Reached skill level 1 in Air Magic
  6290 | Bailey   | Reached XP level 10. HP: 6/81 MP: 6/17
  6551 | Bailey   | Found a large runed translucent door.
  6551 | Bailey   | Found a large runed translucent door.
  6555 | Bailey   | Noticed a deep elf pyromancer
  6641 | Bailey   | Killed a deep elf pyromancer
  6642 | Bailey   | Reached skill level 5 in Spellcasting
  6832 | D:7      | Upgraded the game from 0.30.1-9-gdf580d7c3d to
                  | 0.30.1-11-g7821555f0a
  7634 | D:8      | Found a blossoming altar of Fedhas.
  7728 | D:8      | Noticed a two-headed ogre
  8190 | D:8      | Killed a two-headed ogre
  8362 | D:8      | Found a radiant altar of Vehumet.
  8519 | D:8      | Became a worshipper of Vehumet
  8734 | D:9      | Noticed a two-headed ogre
  8748 | D:9      | Killed a two-headed ogre
  8750 | D:9      | HP: 2/81 [cloud of freezing vapour (40)]
  9025 | D:9      | Learned a level 8 spell: Lehudib's Crystal Spear
  9268 | D:9      | Found a shimmering altar of Xom.
  9269 | D:9      | Found a shimmering altar of Xom.
  9270 | D:9      | Found a shimmering altar of Xom.
  9273 | D:9      | Found a shimmering altar of Xom.
  9273 | D:9      | Found a shimmering altar of Xom.
  9334 | D:9      | Reached XP level 11. HP: 59/86 MP: 21/21
  9550 | D:9      | Reached skill level 1 in Earth Magic
  9712 | D:9      | Found a staircase to the Lair.
  9745 | D:9      | Found an ancient bone altar of Kikubaaqudgha.
 10001 | D:9      | Found a glowing silver altar of Zin.
 10032 | D:9      | Found an iron altar of Okawaru.
 10068 | D:10     | Entered Level 10 of the Dungeon
 10126 | Lair:1   | Entered Level 1 of the Lair of Beasts
 10529 | Lair:1   | Noticed Gastronok
 10724 | Lair:1   | Reached skill level 1 in Evocations
 10769 | Lair:1   | Killed Gastronok
 11697 | Lair:1   | Reached skill level 5 in Hexes
 11846 | Lair:2   | Found a staircase to the Snake Pit.
 11853 | Lair:2   | Reached * piety under Vehumet
 11853 | Lair:2   | Offered knowledge of Freeze by Vehumet.
 12112 | Lair:2   | Reached skill level 5 in Dodging
 12238 | Lair:2   | Found a staircase to the Swamp.
 12630 | Lair:2   | Found a runed translucent gate.
 12630 | Lair:2   | Found a runed translucent gate.
 12630 | Lair:2   | Found a runed translucent gate.
 12634 | Lair:2   | Noticed Ancymon's ghost (novice HOFi)
 12638 | Lair:2   | Found a viscous altar of Jiyva.
 13000 | Lair:2   | Reached XP level 12. HP: 96/96 MP: 8/24
 13073 | Lair:2   | Noticed a catoblepas
 13091 | Lair:2   | Killed a catoblepas
 13660 | Lair:3   | Noticed a death yak
 13663 | Lair:3   | Noticed a death yak
 13678 | Lair:2   | Killed a death yak
 13864 | Lair:3   | Reached skill level 12 in Conjurations
 14646 | Lair:3   | Reached skill level 5 in Earth Magic
 14761 | Lair:3   | Killed a death yak
 14877 | Lair:3   | Reached ** piety under Vehumet
 14877 | Lair:3   | Offered knowledge of Static Discharge by Vehumet.
 14878 | Lair:3   | Reached skill level 10 in Spellcasting
 15180 | Lair:3   | You fall into a shaft and drop 1 floor!
 15210 | Lair:4   | Noticed a six-headed hydra
 15238 | Lair:4   | Reached XP level 13. HP: 86/107 MP: 3/27
 15242 | Lair:4   | Reached skill level 13 in Conjurations
 15245 | Lair:4   | Found a dark tunnel.
 15250 | Lair:4   | Slain by a six-headed hydra

Illustrated notes

Levels and vault maps discovered:
D:1:      dpeg_arrival_stonehenge_8_columns, layout_basic, serial_shops,
          nicolae_shop_stone, kennysheep_nondescript, st_stairs_6,
          minmay_pentomino_v4
D:2:      minmay_chambers_of_twos, layout_rooms, ebering_ecumenical_altar_hall,
          serial_shops, nicolae_shop_bloodbath_and_beyond, uniq_terence
D:3:      minmay_goblin_kobold_castle, layout_basic, uniq_jessica, uniq_sigmund
D:4:      layout_cave_pools, marbit_many_paths, uniq_robin, uniq_edmund,
          uniq_crazy_yiuf_cottage, uniq_grinder, uniq_pikel
D:5:      layout_layer_cave, grunt_decor_fettered, uniq_eustachio
D:6:      layout_basic, minmay_temple_entry_trees, nzn_random_ring
D:7:      layout_loops_ring, serial_shops, shop, enter_bailey_2, nicolae_titane
D:8:      layout_basic, mainiacjoe_overflow_paths, lemuel_tele_altar
D:9:      layout_basic, xom_shifter_show, zin_statuary,
          kiku_gazebo_garden_becter, lemuel_coloured_pillars_altar,
          minmay_lair_entry_grove
D:10:     layout_basic
Temple:   hellmonk_temple_divided_pantheon
Lair:1:   layout_big_grid, nicolae_lair_liquid_snakes, uniq_gastronok
Lair:2:   layout_cave_pods, minmay_swamp_entry_eels, nicolae_snake_entry_squirm,
          gammafunk_ghost_ooze
Lair:3:   cheibrodos_lair_river_kwai, layout_concentric_octagons,
          grunt_forest_small_clearings, grunt_megastairs_1, lemuel_fruit_tree
Lair:4:   statuecave_lemuel, layout_hall_layers, nicolae_volcano_entry_batcave

Skill      XL: |  1  2  3  4  5  6  7  8  9 10 11 12 13 |
---------------+----------------------------------------+-----
Stealth        | 2 |  2.0
Dodging        | 2 4 5 6 |  6.7
Fighting       | 1 3 4 5 6 7 |  7.8
Conjurations   | 5 6 7 9 10 11 12 13 | 13.0
Spellcasting   | 3 4 6 8 10 | 10.0
Shields        | 2 4 |  4.0
Ice Magic      | 2 5 6 |  6.3
Hexes          | 2 4 5 |  5.0
Air Magic      | 1 3 4 |  4.0
Earth Magic    | 3 5 |  5.0
Evocations     | 1 |  1.0

Action                     |  1- 3 |  4- 6 |  7- 9 | 10-12 | 13-15 || total
---------------------------+-------+-------+-------+-------+-------++-------
  Melee: Short sword       |    86 |    52 |       |       |       ||   138
         Tailslap          |     9 |    19 |    50 |    52 |       ||   130
         Punch             |     1 |     2 |       |       |       ||     3
         Dagger            |       |    61 |   384 |   356 |     3 ||   804
   Cast: Magic Dart        |    38 |     2 |     4 |    12 |       ||    56
         Searing Ray       |     3 |     7 |    34 |    34 |       ||    78
         Fulminant Prism   |       |       |     6 |    26 |       ||    32
         Freezing Cloud    |       |       |       |    85 |     1 ||    86
Ability: Breathe Acid      |       |       |       |     1 |       ||     1
    Use: Potion            |       |     2 |     1 |       |     1 ||     4
         Scroll            |       |       |     3 |    12 |       ||    15
   Stab: Sleeping          |     2 |       |     1 |       |       ||     3
 Armour: Skin              |    36 |    35 |   115 |   128 |    16 ||   330
  Dodge: Dodged            |    60 |    89 |   403 |   454 |    22 ||  1028
  Block: Buckler           |       |       |   110 |   166 |     9 ||   285
